 Dungeon Crawl Stone Soup version 0.30.1-4-g462c640d31 (webtiles) character file.

Game seed: 14232166151711042120

27244 shmup the Cruncher (level 13, -1/75 HPs)
             Began as a Tengu Fire Elementalist on Aug 11, 2023.
             Was a High Priest of Nemelex Xobeh.
             Slain by a six-headed hydra (9 damage)
             ... on level 2 of the Lair of Beasts.
             The game lasted 01:08:18 (22885 turns).

shmup the Cruncher (Tengu Fire Elementalist)       Turns: 22885, Time: 01:08:19

Health: -1/75      AC:  5    Str:  8    XL:     13   Next: 31%
Magic:  13/26      EV: 20    Int: 21    God:    Nemelex Xobeh [*****.]
Gold:   300        SH:  0    Dex: 21    Spells: 3/16 levels left

rFire   + . .        a - +7 quarterstaff "Cuwireph" {spect, Will+ rCorr Dex+4}
rCold   + . .        (shield currently unavailable)
rNeg    + . .        k - +2 robe {rF+}
rPois   .            (helmet restricted)
rElec   .            C - +0 cloak
rCorr   +            (no gloves)
SInv    .            (boots unavailable)
Will    +....        s - amulet of the acrobat
Stlth   ++           f - ring "Bapugg" {rC+ rN+ Dex+2}
HPRegen 0.32/turn    M - ring of magical power
MPRegen 0.20/turn

%: acrobat
@: flying quickly and evasively, invisible, quick
A: beak, talons 3, nimble flight
a: Renounce Religion, Draw Escape, Draw Destruction, Draw Summoning, Triple
Draw, Deal Four, Stack Five


You were on level 2 of the Lair of Beasts.
You worshipped Nemelex Xobeh.
Nemelex Xobeh was extremely pleased with you.
You visited 3 branches of the dungeon, and saw 14 of its levels.
You also visited: Gauntlet.

You collected 964 gold pieces.
You spent 664 gold pieces at shops.

Inventory:

Hand Weapons
 a - the +7 quarterstaff "Cuwireph" (weapon) {spect, Will+ rCorr Dex+4}
   (You found it on level 9 of the Dungeon)

   Dex:       It affects your dexterity (+4).
   rCorr:     It protects you from acid and corrosion.
   Will:      It increases your willpower.
 t - a +1 dagger of protection
 G - a +2 flail of holy wrath
 H - a +2 dagger of venom
 I - a +1 dagger of freezing
 L - a +4 dagger of speed
Missiles
 e - 20 stones (quivered)
 v - 30 boomerangs
 w - a throwing net
 x - 27 poisoned darts
 F - a curare-tipped dart
Armour
 k - a +2 robe of fire resistance (worn)
 C - a +0 cloak (worn)
 J - the +0 leather armour of Levity {Int+3}
   (You found it on level 6 of the Dungeon)

   Int:       It affects your intelligence (+3).
Magical Staves
 b - a staff of air
 O - a staff of cold
 V - a staff of cold
Jewellery
 f - the ring "Bapugg" (left hand) {rC+ rN+ Dex+2}
   (You bought it in a shop on level 1 of the Dungeon)

   [ring of protection from cold]

   Dex:       It affects your dexterity (+2).
   rC:        It protects you from cold.
   rN:        It protects you from negative energy.
 h - a ring of fire
 m - a +5 ring of evasion
 s - an amulet of the acrobat (around neck)
 B - a +6 ring of strength
 M - a ring of magical power (right hand)
 N - a +6 ring of intelligence
 R - a ring of wizardry
Wands
 c - a wand of digging (2)
 n - a wand of iceblast (12)
 P - a wand of paralysis (16)
 Q - a wand of polymorph (10)
Scrolls
 g - 5 scrolls of fog
 r - 2 scrolls of magic mapping
 y - 3 scrolls of poison
 S - a scroll of enchant weapon
 U - a scroll of teleportation
Potions
 d - 3 potions of haste
 i - 3 potions of cancellation
 j - 3 potions of lignification
 o - 2 potions of invisibility
 p - 4 potions of might
 q - 9 potions of curing
 u - a potion of berserk rage
 A - 3 potions of heal wounds
 D - 4 potions of mutation
 E - 2 potions of brilliance
 K - 3 potions of magic
Miscellaneous
 z - a box of beasts


   Skills:
 + Level 6.3 Fighting
 - Level 14.0 Staves
 - Level 4.0 Armour
 + Level 7.4 Dodging
 - Level 2.0 Stealth
 - Level 2.0 Spellcasting
 - Level 10.1 Conjurations
 - Level 5.0 Hexes
 - Level 12.3 Fire Magic
 - Level 5.0 Air Magic


You had 3 spell levels left.
You knew the following spells:

 Your Spells              Type           Power      Damage    Failure   Level
a - Foxfire               Conj/Fire      100%       2x1d9     1%          1
b - Scorch                Fire           100%       2d9       1%          2
c - Inner Flame           Hex/Fire       38%        N/A       1%          3
d - Dazzling Flash        Conj/Hex       66%        N/A       1%          3
w - Flame Wave            Conj/Fire      49%        2d12      1%          4

Your spell library contained the following spells:

 Spells                   Type           Power      Damage    Failure   Level
 Magic Dart               Conj           100%       1d8       1%          1
 Shock                    Conj/Air       100%       1d9       1%          1
 Slow                     Hex            92%        N/A       1%          1
 Volatile Blastmotes      Fire/Tloc      54%        2d14      3%          3
 Confusing Touch          Hex            23%        N/A       5%          3
 Mephitic Cloud           Conj/Pois/Air  23%        N/A       5%          3
 Tukima's Dance           Hex            23%        N/A       5%          3
 Ignite Poison            Fire/Tmut/Pois 19%        N/A       9%          3
 Cigotuvi's Dreadful Rot  Necr/Pois/Air  18%        N/A       12%         2
 Call Imp                 Summ           4%         N/A       22%         2
 Vampiric Draining        Necr           2%         2d6       41%         3
 Cause Fear               Hex            11%        N/A       19%         4
 Freezing Cloud           Conj/Ice/Air   11%        6-21      45%         5
 Silence                  Hex/Air        11%        N/A       45%         5
 Passage of Golubria      Tloc           2%         N/A       82%         4
 Yara's Violent Unravell  Hex/Tmut       6%         3d5       82%         5
 Agony                    Necr           2%         N/A       99%         5
 Dragon Form              Tmut           1%         N/A       100%        7
 Lehudib's Crystal Spear  Conj/Erth      11%        10d4      100%        8
 Dragon's Call            Summ           1%         N/A       100%        9


Dungeon Overview and Level Annotations

Branches:
Dungeon (10/15) Zot: 23322  Temple (1/1) D:4 Zot: 5939    Lair (3/5) D:8 Zot: 12083
 Shoals (0/4) Lair:2        Snake (0/4) Lair:3          Orc (0/2) D:9
Gauntlet (visited)

Altars:
Ashenzari
Cheibriados
Dithmenos
Elyvilon
Fedhas
Gozag
Hepliaklqana
Kikubaaqudgha
Makhleb
Nemelex Xobeh
Okawaru
Qazlal
Ru
Sif Muna
Trog
Uskayaw
Vehumet
Wu Jian
Xom
Yredelemnul
Zin
The Shining One

Shops:
D:1 ((*!=   D:4 *   D:6 [   D:8 =*

Portals:
Trove: D:10 (give +4 storm dragon scales)

Annotations:
D:7 3 runed translucent doors, Rhip's ghost, novice MiFi
D:10 1 exclusion
Lair:2 2 transporters, Fiacef's ghost, journeyman VSFE
Lair:3 3 runed translucent doors, Deesahac's ghost, journeyman BaFi; Fuxod's ghost, journeyman GnWn; Fynaisasol's ghost, journeyman TrGl; Huasawuy's ghost, journeyman TrHW


Innate Abilities, Weirdness & Mutations

You have a beak for a mouth.
You have claws for feet.
Your magical nature lets you fly swiftly and evasively.


Message History

The six-headed hydra bites you!
* * * LOW HITPOINT WARNING * * *
Okay, then.
Unknown command.
Okay, then.
Unknown command.
Okay, then.
Unknown command.
Okay, then.
Unknown command.
Okay, then.
Unknown command.
Okay, then.
Unknown command.
Okay, then.
Unknown command.
Casting: Scorch (safe; 1% risk of failure)
Confirm with . or Enter, or press ? or * to list all spells.
Okay, then.
Unknown command.
Casting: Scorch (safe; 1% risk of failure)
Confirm with . or Enter, or press ? or * to list all spells.
Okay, then.
Unknown command.
Okay, then.
Unknown command.
Unknown command.
You feel much better. The six-headed hydra bites you!
* * * LOW HITPOINT WARNING * * *
The six-headed hydra misses you. The six-headed hydra bites you!
* * * LOW HITPOINT WARNING * * *
The six-headed hydra barely misses you.
The six-headed hydra completely misses you.
The six-headed hydra misses you.
Okay, then.
Okay, then.
You fade into invisibility!
The six-headed hydra bites you!
You die...
Your body glows with a rainbow of weird colours and disappears.

..▒▒...▒▒▒▒▒.8..▒▒▒..▒▒▒▒.▒......
...▒...P▒.▒.....▒.......▒.▒...▒..
...........8.<.8.................
............Y...............▒▒▒..
<.........▒....▒▒............▒...
..........▒..+▒▒▒............▒▒..
.....▒▒.▒▒.......▒......P....▒...
..P...▒▒...........▒▒............
......▒....▒....Q...▒▒.>.........
[...▒▒..▒.▒▒.....D...............
....▒..▒▒.........▒...▒..........
....▒......8...8.................
....+........>................<..
..▒........8...8...▒.............
....▒.............▒▒..▒..........
..▒.▒▒....▒▒......▒...▒..........
..▒...▒.....▒.▒.....▒▒...........


You could see a six-headed hydra (unable to see you, combustible).

Vanquished Creatures
  A frost giant (D:10)
  Fannar (Lair:1)
  2 hydras
  Erica (Lair:1)
  A two-headed ogre (D:9)
  Pikel (D:8)
  2 oklob plants (Lair:3)
  A manticore (Lair:2)
  6 elephants (Lair:3)
  3 black mambas
  An ice statue (D:10)
  2 rime drakes (Lair:3)
  5 cane toads
  11 komodo dragons
  A guardian mummy (D:10)
  2 polar bears
  17 blink frogs
  A wraith (D:10)
  5 wyverns
  18 yaks
  A basilisk (D:10)
  A steam dragon (D:7)
  Grum (D:8)
  3 nagas (Lair:3)
  Edmund (D:5)
  6 water moccasins
  2 orc warriors
  15 ice beasts
  3 black bears
  A sky beast (D:7)
  4 wolves (D:8)
  3 lemures (D:8)
  4 kobold brigands
  9 bullfrogs
  2 scorpions
  12 killer bees (D:9)
  A howler monkey (D:7)
  13 electric eels
  3 orc priests
  A hound (D:5)
  3 jellies
  5 iguanas
  Jessica (D:3)
  2 sleepcaps
  3 orc wizards
  7 hell rats (Lair:2)
  Robin (D:1)
  7 gnolls
  7 adders
  4 worms
  4 dart slugs
  23 orcs
  9 endoplasms
  17 goblins
  12 hobgoblins
  26 kobolds
  4 quokkas
  7 ball pythons
  6 bats
  5 frilled lizards
  4 rats
325 creatures vanquished.

Vanquished Creatures (collateral kills)
  6 foxfires
6 creatures vanquished.

Vanquished Creatures (others)
  895 foxfires
895 creatures vanquished.

Grand Total: 1226 creatures vanquished

Notes
Turn   | Place    | Note
-------+----------+-------------------------------------------
     0 | D:1      | shmup the Tengu Fire Elementalist began the quest for the
                  | Orb.
     0 | D:1      | Reached XP level 1. HP: 10/10 MP: 4/4
   146 | D:1      | Found Yjyriuja's Jewellery Shop.
   152 | D:1      | Reached XP level 2. HP: 15/15 MP: 4/6
   229 | D:1      | Found Dubaseb's Antique Weapon Shop.
   392 | D:1      | Learned a level 2 spell: Scorch
   528 | D:1      | Reached XP level 3. HP: 19/19 MP: 5/7
   621 | D:1      | Found a faded altar of an unknown god.
   665 | D:1      | Found Esagry's Distillery.
   729 | D:1      | Found Ceohi's Antique Weapon Boutique.
   785 | D:1      | Found Agiferof's Assorted Antiques.
  1616 | D:2      | Noticed Robin
  1737 | D:1      | Killed Robin
  1738 | D:1      | Reached XP level 4. HP: 24/24 MP: 1/8
  2091 | D:2      | Reached skill level 5 in Fire Magic
  3211 | D:3      | Gained mutation: Your magical nature lets you fly swiftly
                  | and evasively. [Tengu growth]
  3211 | D:3      | Reached XP level 5. HP: 28/28 MP: 7/9
  3823 | D:3      | Found a broken altar of Ashenzari.
  3830 | D:3      | Noticed Jessica
  3835 | D:3      | Killed Jessica
  3836 | D:3      | Reached XP level 6. HP: 32/32 MP: 5/10
  4538 | D:4      | Found Uthadath's Lightly-Used Armoury.
  4936 | D:4      | Found a staircase to the Ecumenical Temple.
  4948 | D:4      | Reached skill level 1 in Fighting
  4949 | Temple   | Entered the Ecumenical Temple
  4949 | Temple   | Found a transporter.
  4949 | Temple   | Found a transporter.
  4951 | Temple   | Found a transporter.
  4951 | Temple   | Found a transporter.
  4988 | Temple   | Became a worshipper of Nemelex Xobeh the Trickster
  5269 | D:4      | Noticed a black bear
  5283 | D:4      | Killed a black bear
  5589 | D:4      | Found a glowing golden altar of the Shining One.
  5707 | D:5      | Entered Level 5 of the Dungeon
  6091 | D:5      | Reached XP level 7. HP: 40/40 MP: 6/11
  6350 | D:5      | Reached * piety under Nemelex Xobeh
  6377 | D:5      | Noticed Edmund
  6929 | D:5      | Received a gift from Nemelex Xobeh
  7228 | D:5      | Killed Edmund
  7229 | D:5      | Reached skill level 5 in Dodging
  7428 | D:6      | Found a stormy altar of Qazlal.
  7567 | D:6      | Reached XP level 8. HP: 48/48 MP: 7/12
  7648 | D:6      | Found Aghettai's Antique Armour Shop.
  7946 | D:5      | Reached skill level 5 in Conjurations
  8200 | D:6      | Identified the +0 leather armour of Levity {Int+3}
  8203 | D:6      | Found a glowing silver altar of Zin.
  9063 | D:7      | Reached ** piety under Nemelex Xobeh
  9168 | D:7      | Found a runed translucent gate.
  9169 | D:7      | Found a runed translucent gate.
  9174 | D:7      | Reached XP level 9. HP: 52/52 MP: 8/13
  9239 | D:7      | Noticed a komodo dragon
  9240 | D:7      | Noticed Rhip's ghost (novice MiFi)
  9244 | D:7      | Learned a level 3 spell: Inner Flame
  9249 | D:7      | Learned a level 4 spell: Flame Wave
  9267 | D:7      | Received a gift from Nemelex Xobeh
  9706 | D:7      | Found a runed translucent gate.
 10022 | D:1      | Bought a ring of magical power for 220 gold pieces
 10273 | D:8      | Found a blossoming altar of Fedhas.
 10430 | D:8      | Found Giyptuf's Jewellery Shop.
 10586 | D:8      | Found a staircase to the Lair.
 10645 | D:8      | Received a gift from Nemelex Xobeh
 10679 | D:8      | Found an opulent altar of Gozag.
 10773 | D:8      | Noticed Grum
 10787 | D:8      | Noticed a komodo dragon
 10792 | D:8      | Reached skill level 10 in Fire Magic
 11018 | D:8      | Killed Grum
 11135 | D:8      | Killed a komodo dragon
 11197 | D:8      | Noticed Pikel
 11349 | D:8      | Killed Pikel
 11429 | D:8      | Found Fohoif's General Store.
 11612 | D:9      | Reached XP level 10. HP: 58/58 MP: 14/14
 11650 | D:9      | Received a gift from Nemelex Xobeh
 11885 | D:9      | Noticed a two-headed ogre
 11891 | D:9      | Killed a two-headed ogre
 11953 | D:9      | Reached *** piety under Nemelex Xobeh
 12071 | D:9      | Reached skill level 10 in Conjurations
 12316 | D:9      | Identified the +7 quarterstaff "Cuwireph" {spect, Will+
                  | rCorr Dex+4}
 12351 | D:9      | Found a staircase to the Orcish Mines.
 12508 | D:10     | Entered Level 10 of the Dungeon
 12538 | D:10     | Reached skill level 1 in Staves
 12577 | D:10     | Found an iron altar of Okawaru.
 12735 | D:10     | Reached skill level 2 in Staves
 12835 | D:10     | Reached skill level 3 in Staves
 13234 | D:10     | Reached skill level 4 in Staves
 13353 | D:10     | Reached skill level 5 in Staves
 13601 | D:10     | Reached skill level 6 in Staves
 13715 | D:10     | Noticed an ice statue
 14823 | D:10     | Found a portal to a secret trove of treasure.
 14841 | D:10     | Reached skill level 7 in Staves
 14859 | D:10     | Got the Tome of Electric Charms
 15014 | D:9      | Reached XP level 11. HP: 57/62 MP: 15/15
 15018 | D:9      | Reached skill level 1 in Armour
 15159 | Lair:1   | Entered Level 1 of the Lair of Beasts
 15198 | Lair:1   | Noticed Erica
 15303 | Lair:1   | Reached skill level 8 in Staves
 15320 | Lair:1   | Received a gift from Nemelex Xobeh
 15354 | Lair:1   | Killed Erica
 15522 | Lair:1   | Found a gate leading to a gauntlet.
 15531 | Gauntlet | Entered a Gauntlet
 15531 | Gauntlet | Found a transporter.
 15531 | Gauntlet | Found a transporter.
 15537 | Gauntlet | Found a transporter.
 15537 | Gauntlet | Found a transporter.
 15541 | Gauntlet | Noticed a wizard
 15542 | Gauntlet | Noticed a wizard
 15543 | Gauntlet | Reached **** piety under Nemelex Xobeh
 15546 | Gauntlet | Found a transporter.
 15553 | Gauntlet | Noticed a wizard
 15589 | Gauntlet | Found a transporter.
 15591 | Gauntlet | Noticed a moth of wrath
 15604 | Gauntlet | Found a transporter.
 15617 | Gauntlet | Found a transporter.
 15620 | Gauntlet | Found a transporter.
 15689 | Gauntlet | Found a transporter.
 15704 | Gauntlet | Found a transporter.
 15718 | Gauntlet | Noticed an obsidian statue
 15719 | Gauntlet | Found a transporter.
 15732 | Gauntlet | Found a transporter.
 15753 | Gauntlet | Noticed a necromancer
 15754 | Gauntlet | Noticed a death yak
 15757 | Gauntlet | Noticed a death yak
 15838 | Gauntlet | Found a transporter.
 15842 | Gauntlet | Noticed a death yak
 15843 | Gauntlet | Noticed a death yak
 15846 | Gauntlet | Found a transporter.
 15846 | Gauntlet | Found a transporter.
 15847 | Gauntlet | Found the amulet of Vitality {RegenMP++ Regen++}
 15954 | Lair:1   | Reached skill level 9 in Staves
 16116 | Lair:1   | Received a gift from Nemelex Xobeh
 16291 | Lair:1   | Noticed Fannar
 16296 | Lair:1   | Killed Fannar
 16413 | Lair:2   | Reached skill level 10 in Staves
 17347 | D:1      | Bought the ring "Bapugg" {rC+ rN+ Dex+2} for 444 gold
                  | pieces
 17543 | D:10     | Noticed a frost giant
 17609 | D:10     | Reached skill level 11 in Staves
 17679 | D:10     | Noticed an ice dragon
 17771 | D:10     | Killed a frost giant
 18100 | Lair:2   | Received a gift from Nemelex Xobeh
 18194 | Lair:2   | Reached skill level 12 in Staves
 18196 | Lair:2   | Reached XP level 12. HP: 38/67 MP: 16/16
 18672 | Lair:2   | Reached skill level 13 in Staves
 18762 | Lair:2   | Noticed a four-headed hydra
 18769 | Lair:2   | Killed a four-headed hydra
 18845 | Lair:2   | Reached skill level 14 in Staves
 19016 | Lair:2   | Reached ***** piety under Nemelex Xobeh
 19082 | Lair:2   | Reached skill level 1 in Hexes
 19141 | Lair:2   | Found a staircase to the Shoals.
 19422 | Lair:2   | Noticed Fiacef's ghost (journeyman VSFE)
 19428 | Lair:2   | Received a gift from Nemelex Xobeh
 19435 | Lair:2   | Found a bloodstained altar of Trog.
 19444 | Lair:2   | Found a transporter.
 19450 | Lair:2   | Found a transporter.
 20015 | Lair:3   | Found a runed translucent gate.
 20016 | Lair:3   | Found a runed translucent gate.
 20016 | Lair:3   | Found a runed translucent gate.
 20017 | Lair:3   | Noticed Fuxod's ghost (journeyman GnWn)
 20017 | Lair:3   | Noticed Huasawuy's ghost (journeyman TrHW)
 20018 | Lair:3   | Noticed Deesahac's ghost (journeyman BaFi)
 20018 | Lair:3   | Noticed Fynaisasol's ghost (journeyman TrGl)
 20445 | Lair:3   | Reached skill level 5 in Hexes
 20502 | Lair:3   | Found a staircase to the Snake Pit.
 20529 | Lair:3   | Reached skill level 1 in Air Magic
 21097 | Lair:3   | Reached skill level 5 in Air Magic
 21097 | Lair:3   | Reached XP level 13. HP: 54/72 MP: 16/17
 21191 | Lair:3   | Learned a level 3 spell: Dazzling Flash
 21380 | Lair:3   | Reached skill level 5 in Fighting
 21492 | Lair:3   | Received a gift from Nemelex Xobeh
 22144 | Lair:3   | Found a blossoming altar of Fedhas.
 22660 | Lair:3   | HP: 3/75 [black mamba (7)]
 22885 | Lair:2   | Slain by a six-headed hydra

Illustrated notes

Levels and vault maps discovered:
D:1:      dpeg_arrival_erosion, layout_loops_cross, serial_shops, shop,
          nicolae_shop_trees, shop, shop, shop, ebering_ecumenical_altar_webs
D:2:      layout_basic, serial_park_tiny_2, minmay_goblin_outpost, uniq_robin
D:3:      layout_basic, overflow_temple_1_default, serial_co_window_serial,
          co_window_corner_a, co_window_paths_a, co_window_corner_a,
          co_window_of_opportunity_a, co_window_of_opportunity_a,
          co_window_broadway_a, co_window_corner_b, co_window_broadway_b,
          co_window_cross_3, co_window_corner_cb, co_window_paths_c,
          co_window_sun, glass_columns_b, glass_columns_a, uniq_jessica
D:4:      layout_gridville, tso_altar, minmay_temple_entry_gardened_gates,
          minmay_shop_damaged, minmay_hedge_maze
D:5:      layout_loops_corners, nicolae_concentric_dashed_squares_mild,
          uniq_edmund
D:6:      layout_basic, mainiacjoe_overflow_alcove_2, grunt_qazlal_clouds,
          serial_shops, shop
D:7:      layout_basic, gammafunk_ghost_split
D:8:      layout_gridville, fedhas_altar_1, mainiacjoe_overflow_cross_hatched,
          david_lair_shrubbed, serial_shops, shop, shop, uniq_pikel, uniq_grum
D:9:      layout_small_grid, orc_0_dummy
D:10:     minmay_twisted_water, layout_stronghold, okawaru_trees_2,
          nicolae_trove_entry_path_of_doom, minmay_misc_feat_square,
          minmay_misc_feat_doors, disabler_island
Temple:   hellmonk_temple_divided_pantheon
Lair:1:   layout_gridlike, gauntlet_entry_generic, grunt_forest_small_clearings,
          infiniplex_staircase_pool_2, uniq_fannar, uniq_erica
Lair:2:   layout_gridlike, minmay_shoals_entry_beasts,
          gammafunk_ghost_wrathful_warriors, grunt_megastairs_2
Lair:3:   nzn_winding_woodlands_large [nzn_winding_woodlands_5x5_closed_star,
          nzn_winding_woodlands_5x15_crooked, nzn_winding_woodlands_5x5_cross,
          nzn_winding_woodlands_center_diamonds,
          nzn_winding_woodlands_15x15_thick_spiral,
          nzn_winding_woodlands_center_lodge,
          nzn_winding_woodlands_5x5_checkerboard,
          nzn_winding_woodlands_5x15_river_crossing,
          nzn_winding_woodlands_5x5_open_star], layout_loops_ring,
          guppyfry_snake_entry_island, gammafunk_ghost_cemetery, st_stairs_8,
          hangedman_tree_tricks, nicolae_lair_grazing_beasts
          [nicolae_sub_lair_graze_edge, nicolae_sub_lair_graze_edge,
          nicolae_sub_lair_graze_edge, nicolae_sub_lair_graze_edge]

Skill      XL: |  1  2  3  4  5  6  7  8  9 10 11 12 13 |
---------------+----------------------------------------+-----
Conjurations   | 2 3 4 6 9 10 | 10.1
Fire Magic     | 4 5 6 8 11 12 | 12.3
Fighting       | 2 4 6 |  6.3
Dodging        | 3 5 7 |  7.4
Staves         | 7 12 14 | 14.0
Armour         | 4 |  4.0
Hexes          | 5 |  5.0
Air Magic      | 5 |  5.0
Stealth        | |  2.0
Spellcasting   | |  2.0

Action                     |  1- 3 |  4- 6 |  7- 9 | 10-12 | 13-15 || total
---------------------------+-------+-------+-------+-------+-------++-------
  Melee: Kick              |     4 |     1 |     2 |     9 |     5 ||    21
         Unarmed           |     1 |       |       |       |       ||     1
         Dagger            |    10 |     4 |    15 |     4 |       ||    33
         Peck              |       |     1 |     5 |     9 |     3 ||    18
         Quarterstaff      |       |       |       |    31 |     9 ||    40
         Punch             |       |       |       |     1 |       ||     1
         Staff             |       |       |       |       |     1 ||     1
   Cast: Foxfire           |    57 |    72 |   116 |   263 |    17 ||   525
         Scorch            |     7 |    15 |    56 |   122 |    46 ||   246
         Flame Wave        |       |       |     5 |    16 |     1 ||    22
         Inner Flame       |       |       |       |    34 |     8 ||    42
         Dazzling Flash    |       |       |       |       |     2 ||     2
 Invoke: Draw Destruction  |       |       |       |    13 |     3 ||    16
         Draw Summoning    |       |       |       |       |     1 ||     1
  Evoke: Wand              |       |     1 |       |       |       ||     1
    Use: Scroll            |     4 |     7 |     8 |     8 |     2 ||    29
         Potion            |       |       |       |       |     5 ||     5
   Stab: Distracted        |       |       |       |     1 |       ||     1
         Sleeping          |       |       |       |     1 |       ||     1
 Armour: Robe              |     4 |     1 |     4 |    15 |     6 ||    30
         Leather armour    |       |       |       |     1 |       ||     1
  Dodge: Dodged            |    14 |    24 |    45 |   117 |    58 ||   258
